Map: Ascension to Aiur LE

Players

NORTHAMERICA - Winner!

  • Race: Protoss Protoss
  • League: Grandmaster
  • Spawn Location: 11:00

상동

  • Race: Terran Terran
  • Spawn Location: 5:00

VOD

Have the link to the VOD?

Description

Time

  • Played on: June 16, 2017, 3:01 a.m.
  • Length: 15:39
Show
View Real Time Build Order
Export as new Build Order

NORTHAMERICA Protoss - Winner!

Build Orders: 1 Gate Expand, Double Forge, Colossus Rush 

Get SALT Encoding   

  12  0:01  Probe (Chrono Boost)  
  13  0:12  Probe (Chrono Boost)  
  14  0:18  Pylon  
  14  0:23  Probe (Chrono Boost)  
  15  0:36  Probe (Chrono Boost)  
  15  0:39  Gateway  
  16  0:47  Probe (Chrono Boost)  
  16  0:48  Assimilator  
  17  0:57  Probe (Chrono Boost)  
  18  1:08  Probe (Chrono Boost)  
  19  1:20  Nexus  
  19  1:30  Cybernetics Core  
  19  1:35  Probe (Chrono Boost)  
  19  1:39  Assimilator  
  20  1:45  Probe (Chrono Boost)  
  21  1:50  Pylon  
  21  1:56  Probe (Chrono Boost)  
  23  2:11  Mothership Core (Chrono Boost), Adept  
  26  2:17  Warp Gate  
  26  2:29  Probe (Chrono Boost)  
  27  2:35  Probe (Chrono Boost)  
  28  2:39  Probe (Chrono Boost)  
  28  2:44  Robotics Facility  
  29  2:45  Probe (Chrono Boost)  
  29  2:51  Probe (Chrono Boost)  
  31  2:56  Probe (Chrono Boost)  
  32  3:01  Probe (Chrono Boost)  
  33  3:06  Probe (Chrono Boost)  
  33  3:12  Probe (Chrono Boost)  
  35  3:16  Gateway x2  
  35  3:17  Probe (Chrono Boost)  
  36  3:22  Probe (Chrono Boost)  
  37  3:27  Probe (Chrono Boost)  
  37  3:28  Pylon  
  37  3:33  Probe (Chrono Boost)  
  39  3:37  Robotics Bay, Observer  
  40  3:42  Probe (Chrono Boost)  
  40  3:44  Probe (Chrono Boost)  
  40  3:47  Assimilator  
  42  3:51  Assimilator  
  42  3:53  Probe (Chrono Boost)  
  42  3:55  Pylon, Probe (Chrono Boost)  
  44  3:59  Observer  
  45  4:03  Probe (Chrono Boost)  
  45  4:06  Probe (Chrono Boost)  
  45  4:07  Pylon  
  47  4:14  Probe (Chrono Boost)  
  49  4:18  Probe (Chrono Boost)  
  49  4:20  Colossus  
  49  4:24  Pylon, Probe (Chrono Boost)  
  49  4:25  Extended Thermal Lance  
  49  4:30  Probe (Chrono Boost)  
  57  4:36  Probe (Chrono Boost)  
  58  4:46  Forge  
  58  4:47  Stalker  
  58  4:48  Forge  
  60  4:54  Sentry  
  60  4:58  Probe (Chrono Boost)  
  63  5:04  Gateway  
  63  5:05  Gateway  
  63  5:08  Colossus  
  63  5:09  Probe (Chrono Boost)  
  64  5:18  Probe (Chrono Boost)  
  71  5:27  Stalker x2  
  75  5:29  Pylon  
  75  5:30  Stalker  
  77  5:35  Protoss Ground Armor Level 1  
  77  5:36  Protoss Ground Weapons Level 1  
  77  5:40  Pylon, Probe (Chrono Boost)  
  78  5:45  Pylon  
  78  5:47  Pylon  
  78  5:49  Pylon  
  78  5:55  Pylon  
  78  6:05  Stalker x3  
  84  6:16  Nexus  
  84  6:21  Disruptor  
  84  6:25  Probe (Chrono Boost)  
  89  6:27  Probe (Chrono Boost)  
  89  6:31  Adept x2  
  93  6:36  Adept x2  
  93  6:37  Probe (Chrono Boost)  
  97  6:42  Twilight Council  
  97  6:44  Probe (Chrono Boost)  
  98  6:49  Probe (Chrono Boost), Adept  
  101  6:56  Probe (Chrono Boost)  
  99  7:02  Probe (Chrono Boost)  
  99  7:03  Disruptor  
  103  7:08  Probe (Chrono Boost)  
  103  7:09  Stalker x2  
  103  7:15  Probe (Chrono Boost), Blink  
  106  7:21  Stalker  
  106  7:22  Stalker  
  107  7:26  Probe (Chrono Boost)  
  109  7:30  Probe (Chrono Boost)  
  109  7:31  Probe (Chrono Boost)  
  110  7:39  Gateway, Probe (Chrono Boost)  
  110  7:41  Probe (Chrono Boost)  
  110  7:42  Probe (Chrono Boost)  
  105  7:50  Adept x2  
  105  7:51  Probe (Chrono Boost), Adept x2  
  114  7:54  Disruptor, Probe (Chrono Boost)  
  117  8:05  Probe (Chrono Boost)  
  117  8:06  Stalker  
  117  8:11  Adept x3  
  117  8:12  Adept  
  125  8:15  Protoss Ground Weapons Level 2  
  125  8:17  Probe (Chrono Boost)  
  125  8:18  Protoss Ground Armor Level 2  
  123  8:24  Probe x2 (Chrono Boost)  
  123  8:25  Assimilator  
  125  8:29  Probe (Chrono Boost), Assimilator  
  125  8:30  Photon Cannon  
  125  8:33  Photon Cannon  
  126  8:40  Disruptor  
  126  8:53  Probe (Chrono Boost)  
  127  8:57  Pylon  
  127  9:01  Photon Cannon  
  127  9:05  Pylon  
  127  9:13  Stalker  
  127  9:14  Stalker x2  
  127  9:15  Resonating Glaives  
  134  9:17  Probe (Chrono Boost)  
  134  9:19  Disruptor  
  134  9:20  Pylon  
  134  9:22  Pylon  
  137  9:27  Probe (Chrono Boost)  
  137  9:30  Dark Shrine  
  138  9:33  Pylon  
  138  9:34  Pylon  
  138  9:35  Pylon  
  120  9:52  Stalker x4  
  128  9:53  Stalker x2  
  128  9:55  Mothership Core (Chrono Boost)  
  128  9:56  Disruptor  
  138  10:01  Probe (Chrono Boost)  
  138  10:07  Pylon  
  138  10:09  Pylon  
  138  10:18  Adept x3  
  136  10:22  Adept x2, Nexus  
  136  10:23  Protoss Ground Weapons Level 3, Protoss Ground Armor Level 3  
  136  10:32  Disruptor  
  125  10:46  Probe (Chrono Boost)  
  125  10:48  Pylon  
  127  10:51  Dark Templar, Probe (Chrono Boost)  
  127  10:52  Dark Templar, Pylon  
  131  10:59  Probe (Chrono Boost)  
  131  11:00  Stalker  
  131  11:03  Pylon  
  134  11:13  Stalker x3  
  134  11:18  Disruptor  
  139  11:30  Photon Cannon  
  137  11:33  Photon Cannon  
  137  11:36  Photon Cannon  
  137  11:37  Photon Cannon  
  136  11:44  Stalker x3  
  137  11:54  Disruptor  
  134  11:55  Stargate  
  134  11:58  Adept  
  134  11:59  Adept x2  
  143  12:06  Probe (Chrono Boost)  
  144  12:10  Probe (Chrono Boost)  
  144  12:12  Adept x3  
  151  12:17  Assimilator  
  151  12:21  Assimilator  
  145  12:31  Disruptor  
  145  12:37  Adept x6  
  156  12:53  Photon Cannon  
  156  12:57  Photon Cannon  
  144  13:00  Dark Templar x2, Photon Cannon  
  144  13:02  Adept x2, Stalker x2  
  146  13:07  Disruptor  
  146  13:10  Mothership Core (Chrono Boost)  
  135  13:21  Probe (Chrono Boost)  
  135  13:28  Stalker x2  
  135  13:29  Stalker x2  
  135  13:32  Probe (Chrono Boost)  
  141  13:36  Charge  
  141  13:40  Nexus  
  142  13:43  Dark Templar x2, Pylon, Probe (Chrono Boost)  
  142  13:45  Disruptor  
  149  13:58  Adept x4  
  153  14:23  Stalker x4  
  159  14:25  Pylon x2  
  157  14:31  Disruptor  
  156  14:49  Gateway  
  156  14:50  Stalker  
  156  14:51  Gateway, Stalker x3  
  164  14:54  Gateway  
  164  14:56  Pylon, Probe (Chrono Boost)  
  164  14:59  Dark Templar  
  167  15:07  Pylon  
  165  15:10  Gateway  
  165  15:12  Gateway  
  160  15:15  Gateway x2  
  160  15:16  Dark Templar x2, Adept  
  160  15:17  Adept  
Show
View Real Time Build Order
Export as new Build Order

상동 Terran 

Build Orders: MMM Bio 

Get SALT Encoding   

  12  0:01  SCV  
  13  0:13  SCV  
  14  0:18  Supply Depot  
  14  0:25  SCV  
  15  0:39  SCV  
  15  0:41  Barracks  
  16  0:44  Refinery  
  16  0:51  SCV  
  17  1:03  SCV  
  18  1:27  Orbital Command  
  18  1:28  Marine  
  19  1:40  Command Center  
  19  1:46  Barracks Reactor  
  19  1:53  SCV  
  20  1:57  Supply Depot  
  20  2:05  SCV  
  21  2:12  Barracks  
  21  2:17  SCV  
  21  2:22  Marine x2  
  24  2:26  Refinery  
  24  2:29  SCV  
  25  2:39  Marine  
  25  2:40  Marine  
  25  2:41  SCV  
  27  2:52  Orbital Command  
  27  2:53  SCV  
  28  2:59  Factory  
  28  3:00  Barracks Tech Lab  
  28  3:05  SCV  
  28  3:10  Marine x2  
  31  3:18  SCV  
  31  3:19  SCV  
  33  3:21  Stimpack  
  33  3:30  SCV  
  33  3:31  SCV  
  33  3:33  Marine x3  
  38  3:42  SCV  
  38  3:43  SCV, Starport  
  38  3:44  Factory Reactor  
  40  3:51  Supply Depot  
  40  3:54  SCV  
  41  3:55  SCV  
  41  3:58  Supply Depot  
  41  4:00  Marine  
  41  4:01  Marine x2  
  45  4:06  SCV  
  46  4:13  SCV  
  46  4:15  Supply Depot  
  47  4:18  SCV, Marine  
  47  4:19  Marine x2  
  51  4:24  Medivac  
  51  4:25  Medivac, SCV  
  51  4:30  SCV  
  57  4:37  SCV  
  57  4:38  Marauder, Supply Depot  
  60  4:40  Marine x2  
  60  4:42  SCV  
  60  4:43  Factory Reactor  
  63  4:47  Barracks  
  63  4:50  SCV  
  64  4:54  SCV  
  65  5:01  Refinery, Supply Depot  
  65  5:03  SCV  
  65  5:04  Marauder  
  65  5:06  SCV, Engineering Bay  
  69  5:10  Marine x2  
  71  5:17  SCV  
  71  5:19  SCV, Widow Mine x2  
  77  5:24  Combat Shields  
  77  5:25  Marauder  
  77  5:28  Medivac  
  81  5:30  Medivac  
  83  5:39  Barracks Tech Lab  
  83  5:42  Terran Infantry Weapons Level 1  
  82  5:44  Refinery  
  82  5:48  Widow Mine x2  
  86  5:55  Supply Depot  
  86  5:56  Supply Depot  
  86  5:58  Marauder, Marine x2  
  90  6:10  Marauder  
  90  6:11  Concussive Shells  
  92  6:16  Command Center, Marine x2  
  94  6:20  Marauder  
  96  6:31  Supply Depot  
  96  6:33  Missile Turret  
  96  6:40  Marauder, Marine x2  
  96  6:41  Marauder  
  96  6:42  Medivac x2  
  96  6:46  Widow Mine x2  
  109  7:03  Marauder x2, Marine x2  
  115  7:11  Barracks x2  
  115  7:23  Marine  
  115  7:24  Marine  
  115  7:28  Marauder x2  
  121  7:30  Supply Depot x2  
  121  7:31  Supply Depot  
  121  7:36  Terran Infantry Armor Level 1  
  121  7:46  Marine x2  
  121  7:50  Marauder x2  
  127  7:53  Viking x2  
  131  8:02  Barracks Tech Lab  
  131  8:05  Orbital Command  
  131  8:06  SCV x2  
  131  8:08  Barracks Reactor  
  133  8:18  SCV  
  108  8:31  Marauder x3, Marine x2  
  116  8:34  SCV x2  
  116  8:35  SCV  
  116  8:39  Armory  
  119  8:41  Engineering Bay  
  119  8:46  SCV  
  120  8:55  Marauder x3, Marine x4  
  126  8:56  Medivac  
  126  8:57  Medivac  
  130  9:03  Missile Turret  
  130  9:06  Supply Depot  
  130  9:11  Liberator x2  
  130  9:15  Marine x2  
  130  9:16  Marauder x2, Marine x2  
  130  9:17  Marauder  
  139  9:43  Marine x2  
  139  9:44  Marauder x2  
  131  9:48  Marine  
  131  9:49  Marauder, Terran Infantry Weapons Level 2, Widow Mine, Marine, Terran Infantry Armor Level 2  
  131  9:52  Refinery x2  
  129  10:01  Marine x2  
  129  10:05  Marauder x2  
  129  10:06  Marine x2  
  133  10:10  Marauder  
  126  10:23  Marine  
  126  10:24  Marine x3  
  126  10:26  Marauder  
  126  10:27  Marauder  
  123  10:29  Barracks x2  
  123  10:30  Command Center  
  123  10:32  Marauder  
  123  10:41  Marine  
  96  10:43  Marine  
  96  10:48  Marauder x2  
  99  10:53  Medivac x2, Widow Mine x2  
  107  11:05  Missile Turret  
  107  11:06  SCV x3  
  107  11:09  Marauder, Marine x3  
  107  11:10  Marauder  
  117  11:16  Barracks Reactor, Barracks Tech Lab  
  117  11:23  Medivac x2  
  121  11:35  Marine  
  121  11:36  Marauder  
  120  11:42  Marauder x3, Marine x3  
  125  11:53  Marine x3  
  126  11:55  Medivac, Widow Mine  
  126  11:56  Medivac, Widow Mine  
  126  11:57  Marauder  
  126  11:59  Marine  
  126  12:00  Marine x2  
  136  12:03  Marauder  
  136  12:04  Marauder x2  
  139  12:14  Marine x3  
  142  12:19  Marauder  
  143  12:24  Sensor Tower  
  143  12:25  Marauder x2  
  143  12:28  Medivac x2  
  143  12:29  Marine x2  
  143  12:30  Marauder, Marine  
  137  12:40  Marauder  
  137  12:42  Marine x3  
  140  12:46  Marauder x2  
  140  12:51  Marauder, Marine x3  
  143  13:00  Marine x3  
  143  13:01  Marauder  
  147  13:08  Marauder x2  
  135  13:13  Marauder  
  113  13:22  Marine x4  
  113  13:23  Marauder  
  119  13:29  Marauder x2  
  119  13:34  Marauder, Marine x2  
  125  13:38  Orbital Command  
  125  13:40  Marine  
  125  13:41  Medivac x2  
  130  13:44  Marauder  
  134  13:50  Marauder  
  136  13:55  Marine  
  136  13:56  Marauder x2, Marine x2  
  139  14:06  Marauder  
  136  14:14  Marine x2  
  136  14:15  Marauder  
  136  14:17  Marauder  
  136  14:19  Marine  
  136  14:20  Marauder, Marine  
  129  14:27  Marauder  
  106  14:42  Missile Turret  
  102  14:47  Marauder x3, Widow Mine, Marine x4  
  102  14:48  Marauder, Widow Mine  
  118  15:09  Marine x2  
  118  15:10  Marauder x2  
  119  15:16  Marauder x2, Marine x3  
Tags
 
Add a new tag
Caveats
  • Supply blocks, unpowered buildings, or Contaminate may cause inaccurate times.
  • Supply counts are checked every 10 seconds.